Blue Jackets vs Maple Leafs
Created - February 22, 2019 at 19:47
Goals
|
Blue Jackets |
1 |
2 |
1 |
4 |
Maple Leafs |
1 |
1 |
0 |
2 |
|
Shots
|
Blue Jackets |
16 |
10 |
7 |
33 |
Maple Leafs |
8 |
9 |
13 |
30 |
|
1st period
1. Blue Jackets , Pavel Datsyuk 30 (Dennis Wideman 23, Martin Havlat 51) at 8:24 (PP)
2. Maple Leafs , Mark Scheifele 20 (Tobias Enstrom 31, Eric Nystrom 10) at 9:16
Penalties :
Eric Nystrom (Tor) for Hooking (Minor) at 1:03, Mark Scheifele (Tor) for High sticking (Minor) at 8:09, A.J Thelen (Clb) for Diving (Minor) at 13:49, Ryan Wilson (Clb) for Hooking (Minor) at 16:13
2nd period
3. Maple Leafs , Ben Smith 19 (Artemi Panarin 22, Taylor Chorney 7) at 2:24
4. Blue Jackets , Martin Havlat 26 (Pavel Datsyuk 48, Max Pacioretty 13) at 2:47 (PP)
5. Blue Jackets , Rostislav Olesz 8 (Mike Comrie 13) at 11:57
Penalties :
Claude Giroux (Tor) for Interference (Minor) at 2:41, Ben Smith (Tor) for High sticking (Minor) at 3:18, Marc-André Fleury (Tor) for Slashing (Minor) at 5:58 - John Klingberg served the penalty, Braydon Coburn (Tor) for Interference (Minor) at 17:13
3rd period
6. Blue Jackets , Max Pacioretty 19 (Martin Havlat 52) at 1:11
Penalties :
Ben Smith (Tor) for Interference (Minor) at 1:42, Mike Lundin (Clb) for Tripping (Minor) at 10:01, Peter Mueller (Clb) for Hooking (Minor) at 18:44
Goalie Stats
Rick DiPietro (Clb), 28 saves from 30 shots - (0.933), W, 26-19-6, 60:00 minutes
Marc-André Fleury (Tor), 29 saves from 33 shots - (0.879), L, 22-17-2, 60:00 minutes
Players Stats for Blue Jackets
Player Name G A P +/- PIM S H SB GA TA FO MP PP MP PK MP
------------------------------------------------------------------------------------
A.J Thelen 0 0 0 0 2 2 0 0 0 0 0/0 21:21 4:25 2:19
Andreas Nodl 0 0 0 -1 0 0 2 0 1 1 0/0 10:46 0:00 1:45
Branislav Mezei 0 0 0 0 0 1 2 0 0 0 0/0 21:50 4:25 3:05
Dennis Wideman 0 1 1 0 0 2 0 4 0 0 0/0 26:54 5:51 4:07
Devin Setoguchi 0 0 0 1 0 4 1 0 1 0 0/0 17:47 4:42 2:04
Kevin Porter 0 0 0 0 0 2 0 1 0 0 0/2 7:47 0:00 0:00
Marcus Nilson 0 0 0 -1 0 1 0 0 0 0 0/0 10:46 0:00 1:45
Martin Havlat 1 2 3 0 0 10 3 0 0 1 1/2 23:40 5:34 3:23
Max Pacioretty 1 1 2 0 0 3 1 2 0 1 1/2 22:55 5:34 2:04
Mike Comrie 0 1 1 1 0 0 2 0 1 0 6/13 15:09 4:42 0:00
Mike Lundin 0 0 0 0 2 0 1 2 1 0 0/0 26:39 5:51 2:55
Mike York 0 0 0 0 0 1 1 0 0 0 0/0 7:47 0:00 0:00
Pavel Datsyuk 1 1 2 0 0 3 0 0 2 1 20/35 23:40 5:34 3:23
Peter Mueller 0 0 0 -1 2 0 0 0 2 0 4/4 9:00 0:00 0:00
Rostislav Olesz 1 0 1 1 0 2 1 1 1 1 0/1 15:09 4:42 0:00
Ryan Wilson 0 0 0 0 2 0 0 1 0 0 0/0 11:21 0:00 0:00
Timothy Kunes 0 0 0 0 0 0 0 0 0 0 0/0 12:26 0:00 1:58
Tyler Kennedy 0 0 0 0 0 2 0 1 1 0 0/0 7:47 0:00 0:00
Players Stats for Maple Leafs
Player Name G A P +/- PIM S H SB GA TA FO MP PP MP PK MP
------------------------------------------------------------------------------------
Artemi Panarin 0 1 1 1 0 7 2 1 0 0 0/0 17:43 3:43 1:57
Ben Smith 1 0 1 1 4 3 4 0 2 0 0/0 15:01 3:17 0:00
Blake Comeau 0 0 0 0 0 0 0 0 0 0 0/0 10:47 0:12 0:00
Braydon Coburn 0 0 0 -1 2 3 1 1 0 0 0/0 26:03 3:20 5:13
Claude Giroux 0 0 0 -1 2 1 1 0 1 0 0/0 19:26 3:43 3:14
Eric Nystrom 0 1 1 0 2 0 0 0 0 1 0/0 16:05 0:00 4:50
Fabian Brunnstrom 0 0 0 -1 0 0 4 0 0 0 2/3 16:04 3:17 0:15
Gilbert Brule 0 0 0 0 0 2 0 0 0 0 2/3 16:46 3:17 3:14
Jeremy Morin 0 0 0 0 0 0 0 0 0 1 0/0 7:11 0:00 0:00
John Klingberg 0 0 0 -1 0 1 2 1 0 0 0/0 18:20 4:02 0:12
Jordan Staal 0 0 0 -1 0 4 0 0 0 0 16/35 22:19 3:43 5:40
Marc-Édouard Vlasic 0 0 0 -1 0 1 1 1 0 0 0/0 21:45 3:12 3:54
Mark Scheifele 1 0 1 1 2 4 2 0 0 0 6/14 13:55 0:24 1:22
Ryan Parent 0 0 0 2 0 1 0 0 0 0 0/0 11:37 0:00 1:09
T.J Galiardi 0 0 0 0 0 0 0 0 0 0 0/0 7:11 0:00 0:00
Taylor Chorney 0 1 1 2 0 1 0 2 1 3 0/0 17:04 0:00 6:22
Tobias Enstrom 0 1 1 -1 0 2 1 0 1 5 0/0 25:10 3:50 3:42
Zac Dalpe 0 0 0 0 0 0 0 0 0 0 1/4 7:11 0:00 0:00
3 Stars
1 - Martin Havlat (Clb)
2 - Max Pacioretty (Clb)
3 - Pavel Datsyuk (Clb)
Power Play
Blue Jackets - 2 on 7 Attempt(s) - 28.57%
Maple Leafs - 0 on 4 Attempt(s) - 0.00%
Penalty Kill
Blue Jackets - 4 on 4 Attempt(s) - 100.00%
- Score 0 goal in Penalty Kill
Maple Leafs - 5 on 7 Attempt(s) - 71.43%
- Score 0 goal in Penalty Kill
Team Stat
Blue Jackets - Hits : 14 - Faceoff Wins : 32 - Blocked Shots : 12 - Penalty Minutes : 8
Maple Leafs - Hits : 18 - Faceoff Wins : 27 - Blocked Shots : 6 - Penalty Minutes : 14
Official
Referees : Unknown
Linesman : Unknown
Game Notes
No Game Note
Finance
Level 1 -- Attendance: 5334 (88.90%) -- Ticket Income $480,060
Level 2 -- Attendance: 5000 (100.00%) -- Ticket Income $275,000
Level 3 -- Attendance: 1826 (91.30%) -- Ticket Income $65,736
Level 4 -- Attendance: 3575 (89.38%) -- Ticket Income $89,375
Luxury Box -- Attendance: 926 (92.60%) -- Ticket Income $143,530
Game was played at the Maple Leafs Garden.
Total Attendance: 16661 (92.56%)
Total Ticket Income: $1,053,701
Other Income: $158,055
Total Income: $1,211,756
Blue Jackets
5 vs 5 Forward
Center Left Wing Right Wing Time % Phy DF OF
1 Pavel Datsyuk Max Pacioretty Martin Havlat 40 1 2 2
2 Mike Comrie Rostislav Olesz Devin Setoguchi 30 1 2 2
3 Peter Mueller Marcus Nilson Andreas Nodl 20 1 2 2
4 Kevin Porter Mike York Tyler Kennedy 10 1 2 2
5 vs 5 Defense
Defense Defense Time % Phy DF OF
1 Mike Lundin Dennis Wideman 40 1 2 2
2 Branislav Mezei A.J Thelen 30 1 2 2
3 Ryan Wilson Timothy Kunes 20 1 2 2
4 Mike Lundin Dennis Wideman 10 1 2 2
PowerPlay Forward
Center Left Wing Right Wing Time % Phy DF OF
1 Pavel Datsyuk Max Pacioretty Martin Havlat 60 1 2 2
2 Mike Comrie Rostislav Olesz Devin Setoguchi 40 1 2 2
PowerPlay Defense
Defense Defense Time % Phy DF OF
1 Mike Lundin Dennis Wideman 60 1 2 2
2 Branislav Mezei A.J Thelen 40 1 2 2
Penalty Kill 4 Players Forward
Center Wing Time % Phy DF OF
1 Martin Havlat Pavel Datsyuk 60 1 2 2
2 Max Pacioretty Devin Setoguchi 40 1 2 2
Penalty Kill 4 Players Defense
Defense Defense Time % Phy DF OF
1 Mike Lundin Dennis Wideman 60 1 2 2
2 Branislav Mezei A.J Thelen 40 1 2 2
Penalty Kill - 3 Players Forward
Forward Time % Phy DF OF
1 Martin Havlat 60 1 2 2
2 Pavel Datsyuk 40 1 2 2
Penalty Kill - 3 Players Defense
Defense Defense Time % Phy DF OF
1 Mike Lundin Dennis Wideman 60 1 2 2
2 Branislav Mezei A.J Thelen 40 1 2 2
4 vs 4 Forward
Center Wing Time % Phy DF OF
1 Martin Havlat Pavel Datsyuk 60 1 2 2
2 Max Pacioretty Devin Setoguchi 40 1 2 2
4 vs 4 Defense
Defense Defense Time % Phy DF OF
1 Mike Lundin Dennis Wideman 60 1 2 2
2 Branislav Mezei A.J Thelen 40 1 2 2
Last Minutes Offensive
Center Left Wing Right Wing Defense Defense
Pavel Datsyuk Max Pacioretty Martin Havlat Mike Lundin Dennis Wideman
Last Minutes Defensive
Center Left Wing Right Wing Defense Defense
Pavel Datsyuk Max Pacioretty Martin Havlat Mike Lundin Dennis Wideman
Goaltenders
Starting : Rick DiPietro
Backup : Marek Schwarz
Extra Forwards
Normal : Peter Mueller, Marcus Nilson, Andreas Nodl - PP : Peter Mueller, Marcus Nilson - PK : Andreas Nodl
Extra Defensemen
Normal : Ryan Wilson, Timothy Kunes, Branislav Mezei - PP : Ryan Wilson - PK : Timothy Kunes, Branislav Mezei
Penalty Shots
Martin Havlat, Pavel Datsyuk, Max Pacioretty, Devin Setoguchi, Mike Comrie
Scratches
Andrew Gordon (Healthy), Kurtis Foster (Healthy), Cam Fowler (Left Leg Injury), Patrick O'Sullivan (Healthy)
Maple Leafs
5 vs 5 Forward
Center Left Wing Right Wing Time % Phy DF OF
1 Jordan Staal Fabian Brunnstrom Claude Giroux 40 1 2 2
2 Mark Scheifele Artemi Panarin Ben Smith 30 1 2 2
3 Gilbert Brule Eric Nystrom Blake Comeau 20 1 2 2
4 Zac Dalpe T.J Galiardi Jeremy Morin 10 1 2 2
5 vs 5 Defense
Defense Defense Time % Phy DF OF
1 Tobias Enstrom Braydon Coburn 40 1 2 2
2 John Klingberg Marc-Édouard Vlasic 30 1 2 2
3 Taylor Chorney Ryan Parent 20 1 2 2
4 Tobias Enstrom Braydon Coburn 10 1 2 2
PowerPlay Forward
Center Left Wing Right Wing Time % Phy DF OF
1 Jordan Staal Artemi Panarin Claude Giroux 60 1 2 2
2 Gilbert Brule Fabian Brunnstrom Ben Smith 40 1 2 2
PowerPlay Defense
Defense Defense Time % Phy DF OF
1 Tobias Enstrom John Klingberg 60 1 2 2
2 Marc-Édouard Vlasic Braydon Coburn 40 1 2 2
Penalty Kill 4 Players Forward
Center Wing Time % Phy DF OF
1 Jordan Staal Eric Nystrom 60 1 2 2
2 Gilbert Brule Claude Giroux 40 1 2 2
Penalty Kill 4 Players Defense
Defense Defense Time % Phy DF OF
1 Taylor Chorney Braydon Coburn 60 1 2 2
2 Tobias Enstrom Marc-Édouard Vlasic 40 1 2 2
Penalty Kill - 3 Players Forward
Forward Time % Phy DF OF
1 Jordan Staal 60 1 2 2
2 Gilbert Brule 40 1 2 2
Penalty Kill - 3 Players Defense
Defense Defense Time % Phy DF OF
1 Taylor Chorney Marc-Édouard Vlasic 60 1 2 2
2 Tobias Enstrom Braydon Coburn 40 1 2 2
4 vs 4 Forward
Center Wing Time % Phy DF OF
1 Jordan Staal Claude Giroux 60 1 2 2
2 Mark Scheifele Artemi Panarin 40 1 2 2
4 vs 4 Defense
Defense Defense Time % Phy DF OF
1 Tobias Enstrom Marc-Édouard Vlasic 60 1 2 2
2 Ryan Parent Braydon Coburn 40 1 2 2
Last Minutes Offensive
Center Left Wing Right Wing Defense Defense
Jordan Staal Artemi Panarin Claude Giroux John Klingberg Tobias Enstrom
Last Minutes Defensive
Center Left Wing Right Wing Defense Defense
Jordan Staal Eric Nystrom Claude Giroux Braydon Coburn Tobias Enstrom
Goaltenders
Starting : Marc-André Fleury
Backup : Thomas McCollum
Extra Forwards
Normal : Mark Scheifele, Ben Smith, Eric Nystrom - PP : Mark Scheifele, Ben Smith - PK : Eric Nystrom
Extra Defensemen
Normal : Marc-Édouard Vlasic, Ryan Parent, Taylor Chorney - PP : Marc-Édouard Vlasic - PK : Ryan Parent, Taylor Chorney
Penalty Shots
Claude Giroux, Jordan Staal, Gilbert Brule, Artemi Panarin, Fabian Brunnstrom
Scratches
None
% Time on Ice - Blue Jackets
Lines # - Real PCT - Wanted PCT - Time Play
Normal Forward
1 - 35% - 40% - 14:43
2 - 26% - 30% - 11:01
3 - 21% - 20% - 9:01
4 - 18% - 10% - 7:47
Normal Defense
1 - 41% - 40% - 17:29
2 - 34% - 30% - 14:17
3 - 24% - 20% - 10:21
4 - 1% - 10% - 0:25
PP Forward
1 - 54% - 60% - 5:34
2 - 46% - 40% - 4:42
PP Defense
1 - 57% - 60% - 5:51
2 - 43% - 40% - 4:25
PK Forward
1 - 71% - 60% - 5:08
2 - 29% - 40% - 2:04
PK Defense
1 - 60% - 60% - 4:18
2 - 40% - 40% - 2:54
PK3 Forward
1 - 0% - 60%
2 - 0% - 40%
PK3 Defense
1 - 0% - 60%
2 - 0% - 40%
44 Forward
1 - 0% - 60%
2 - 0% - 40%
44 Defense
1 - 0% - 60%
2 - 0% - 40%
Last Minute Offensive - 0:00
Last Minute Defensive - 0:00
Total
Forward - 60:00
Defense - 60:00
|
% Time on Ice - Maple Leafs
Lines # - Real PCT - Wanted PCT - Time Play
Normal Forward
1 - 32% - 40% - 13:46
2 - 26% - 30% - 11:03
3 - 25% - 20% - 10:32
4 - 17% - 10% - 7:11
Normal Defense
1 - 39% - 40% - 16:31
2 - 33% - 30% - 14:10
3 - 25% - 20% - 10:28
4 - 3% - 10% - 1:23
PP Forward
1 - 54% - 60% - 3:55
2 - 46% - 40% - 3:17
PP Defense
1 - 56% - 60% - 4:02
2 - 44% - 40% - 3:10
PK Forward
1 - 69% - 60% - 7:02
2 - 31% - 40% - 3:14
PK Defense
1 - 64% - 60% - 6:34
2 - 36% - 40% - 3:42
PK3 Forward
1 - 0% - 60%
2 - 0% - 40%
PK3 Defense
1 - 0% - 60%
2 - 0% - 40%
44 Forward
1 - 0% - 60%
2 - 0% - 40%
44 Defense
1 - 0% - 60%
2 - 0% - 40%
Last Minute Offensive - 0:00
Last Minute Defensive - 0:00
Total
Forward - 60:00
Defense - 60:00
|
Play-by-Play
1st period
0:01 of 1st period - Jordan Staal wins face-off versus Pavel Datsyuk in neutral zone.
0:26 of 1st period - Braydon Coburn is hit by Rostislav Olesz and loses puck.
0:33 of 1st period - Snap shot by Artemi Panarin.
0:33 of 1st period - Stopped by Rick DiPietro with a rebound.
0:35 of 1st period - Slapshot by John Klingberg.
0:35 of 1st period - Shot Blocked by Rostislav Olesz.
1:03 of 1st period - Minor Penalty to Eric Nystrom for Hooking.
1:04 of 1st period - Pavel Datsyuk wins face-off versus Jordan Staal in Maple Leafs zone.
1:11 of 1st period - Snap shot by Pavel Datsyuk.
1:11 of 1st period - Shot Misses the Net.
1:13 of 1st period - Slapshot by A.J Thelen.
1:13 of 1st period - Shot Misses the Net.
1:15 of 1st period - Snap shot by Pavel Datsyuk.
1:15 of 1st period - Shot Misses the Net.
1:17 of 1st period - Slapshot by A.J Thelen.
1:17 of 1st period - Shot Misses the Net.
1:19 of 1st period - Wrist shot by A.J Thelen.
1:19 of 1st period - Shot Blocked by Artemi Panarin.
1:21 of 1st period - Snap shot by Martin Havlat.
1:21 of 1st period - Shot Blocked by Braydon Coburn.
2:53 of 1st period - Devin Setoguchi is hit by Artemi Panarin and loses puck.
3:00 of 1st period - Artemi Panarin is hit by Branislav Mezei and loses puck.
3:03 of 1st period - Penalty to Eric Nystrom is over, Eric Nystrom is back on ice.
3:27 of 1st period - Kevin Porter is hit by Artemi Panarin and loses puck.
4:07 of 1st period - Snap shot by Jordan Staal.
4:07 of 1st period - Stopped by Rick DiPietro with a rebound.
4:15 of 1st period - Marcus Nilson is hit by Claude Giroux and loses puck.
5:48 of 1st period - Mike Lundin is hit by Fabian Brunnstrom and loses puck.
6:12 of 1st period - Icing by Mark Scheifele.
6:13 of 1st period - Mike Comrie wins face-off versus Zac Dalpe in Maple Leafs zone.
6:22 of 1st period - Slapshot by Ryan Parent.
6:22 of 1st period - Stopped by Rick DiPietro without a rebound.
6:23 of 1st period - Mark Scheifele wins face-off versus Pavel Datsyuk in Blue Jackets zone.
6:51 of 1st period - Slapshot by Devin Setoguchi.
6:51 of 1st period - Stopped by Marc-André Fleury with a rebound.
6:53 of 1st period - Backhand shot by Rostislav Olesz.
6:53 of 1st period - Shot Misses the Net.
6:55 of 1st period - Wrist shot by Rostislav Olesz.
6:55 of 1st period - Stopped by Marc-André Fleury without a rebound.
6:56 of 1st period - Mark Scheifele wins face-off versus Mike Comrie in Maple Leafs zone.
6:56 of 1st period - Mark Scheifele is hit by Mike Comrie.
7:08 of 1st period - Wrist shot by Artemi Panarin.
7:08 of 1st period - Stopped by Rick DiPietro without a rebound.
7:09 of 1st period - Mark Scheifele wins face-off versus Pavel Datsyuk in Blue Jackets zone.
7:10 of 1st period - Slapshot by Artemi Panarin.
7:10 of 1st period - Stopped by Rick DiPietro with a rebound.
7:15 of 1st period - Off-side.
7:16 of 1st period - Max Pacioretty wins face-off versus Mark Scheifele in neutral zone.
7:27 of 1st period - Backhand shot by Martin Havlat.
7:27 of 1st period - Stopped by Marc-André Fleury without a rebound.
7:28 of 1st period - Pavel Datsyuk wins face-off versus Jordan Staal in Maple Leafs zone.
7:44 of 1st period - Off-side.
7:45 of 1st period - Mike Comrie wins face-off versus Mark Scheifele in neutral zone.
7:50 of 1st period - Snap shot by Devin Setoguchi.
7:50 of 1st period - Stopped by Marc-André Fleury with a rebound.
7:52 of 1st period - Slapshot by Devin Setoguchi.
7:52 of 1st period - Deflect By Mike Comrie.
7:52 of 1st period - Shot Misses the Net.
7:52 of 1st period - Puck is out of play.
7:53 of 1st period - Mike Comrie wins face-off versus Mark Scheifele in Maple Leafs zone.
8:09 of 1st period - Minor Penalty to Mark Scheifele for High sticking.
8:10 of 1st period - Jordan Staal wins face-off versus Pavel Datsyuk in Maple Leafs zone.
8:22 of 1st period - Slapshot by Dennis Wideman.
8:22 of 1st period - Stopped by Marc-André Fleury with a rebound.
8:24 of 1st period - Slapshot by Pavel Datsyuk.
8:24 of 1st period - Goal by Pavel Datsyuk - Blue Jackets : 1 - Maple Leafs : 0.
8:25 of 1st period - Pavel Datsyuk wins face-off versus Jordan Staal in neutral zone.
8:51 of 1st period - Marc-Édouard Vlasic is hit by Branislav Mezei and loses puck.
9:12 of 1st period - Snap shot by Eric Nystrom.
9:12 of 1st period - Shot Blocked by Dennis Wideman.
9:14 of 1st period - Wrist shot by Tobias Enstrom.
9:14 of 1st period - Shot Blocked by Mike Lundin.
9:16 of 1st period - Slapshot by Mark Scheifele.
9:16 of 1st period - Goal by Mark Scheifele - Blue Jackets : 1 - Maple Leafs : 1.
9:17 of 1st period - Pavel Datsyuk wins face-off versus Jordan Staal in neutral zone.
11:14 of 1st period - Snap shot by Artemi Panarin.
11:14 of 1st period - Shot Misses the Net.
11:39 of 1st period - Pavel Datsyuk is hit by Marc-Édouard Vlasic.
12:36 of 1st period - Snap shot by Devin Setoguchi.
12:36 of 1st period - Stopped by Marc-André Fleury without a rebound.
12:37 of 1st period - Mark Scheifele wins face-off versus Mike Comrie in Maple Leafs zone.
12:42 of 1st period - Rostislav Olesz is hit by Ben Smith.
12:46 of 1st period - Slapshot by John Klingberg.
12:46 of 1st period - Stopped by Rick DiPietro with a rebound.
12:54 of 1st period - Snap shot by Artemi Panarin.
12:54 of 1st period - Stopped by Rick DiPietro without a rebound.
12:55 of 1st period - Pavel Datsyuk wins face-off versus Jordan Staal in Blue Jackets zone.
13:00 of 1st period - Fabian Brunnstrom is hit by Martin Havlat and loses puck.
13:09 of 1st period - Snap shot by Max Pacioretty.
13:09 of 1st period - Stopped by Marc-André Fleury with a rebound.
13:11 of 1st period - Wrist shot by Martin Havlat.
13:11 of 1st period - Stopped by Marc-André Fleury with a rebound.
13:21 of 1st period - Jordan Staal is hit by Andreas Nodl and loses puck.
13:28 of 1st period - Slapshot by Andreas Nodl.
13:28 of 1st period - Shot Misses the Net.
13:49 of 1st period - Minor Penalty to A.J Thelen for Diving.
13:50 of 1st period - Jordan Staal wins face-off versus Pavel Datsyuk in Blue Jackets zone.
13:54 of 1st period - Wrist shot by Artemi Panarin.
13:54 of 1st period - Shot Misses the Net.
14:12 of 1st period - Mike Lundin is hit by Ben Smith and loses puck.
15:49 of 1st period - Penalty to A.J Thelen is over, A.J Thelen is back on ice.
16:13 of 1st period - Minor Penalty to Ryan Wilson for Hooking.
16:14 of 1st period - Martin Havlat wins face-off versus Jordan Staal in Blue Jackets zone.
17:11 of 1st period - A.J Thelen is hit by Fabian Brunnstrom.
17:27 of 1st period - Snap shot by Marcus Nilson.
17:27 of 1st period - Shot Misses the Net.
17:29 of 1st period - Slapshot by Branislav Mezei.
17:29 of 1st period - Stopped by Marc-André Fleury with a rebound.
17:33 of 1st period - Snap shot by Andreas Nodl.
17:33 of 1st period - Shot Hit the Post.
18:13 of 1st period - Penalty to Ryan Wilson is over, Ryan Wilson is back on ice.
18:30 of 1st period - Backhand shot by Kevin Porter.
18:30 of 1st period - Stopped by Marc-André Fleury with a rebound.
18:32 of 1st period - Wrist shot by Tyler Kennedy.
18:32 of 1st period - Stopped by Marc-André Fleury without a rebound.
18:33 of 1st period - Peter Mueller wins face-off versus Zac Dalpe in Maple Leafs zone.
18:46 of 1st period - Snap shot by Marcus Nilson.
18:46 of 1st period - Stopped by Marc-André Fleury without a rebound.
18:47 of 1st period - Pavel Datsyuk wins face-off versus Fabian Brunnstrom in Maple Leafs zone.
19:40 of 1st period - Wrist shot by Martin Havlat.
19:40 of 1st period - Shot Misses the Net.
19:42 of 1st period - Wrist shot by Max Pacioretty.
19:42 of 1st period - Deflect By Gilbert Brule.
19:42 of 1st period - Stopped by Marc-André Fleury with a rebound.
19:44 of 1st period - Wrist shot by Martin Havlat.
19:44 of 1st period - Stopped by Marc-André Fleury with a rebound.
19:46 of 1st period - Slapshot by Timothy Kunes.
19:46 of 1st period - Shot Blocked by Taylor Chorney.
19:48 of 1st period - Slapshot by Martin Havlat.
19:48 of 1st period - Stopped by Marc-André Fleury with a rebound.
Goals for this period are 1 for Blue Jackets vs 1 for Maple Leafs.
Shots for this period are 16 for Blue Jackets vs 8 for Maple Leafs.
2nd period
0:01 of 2nd period - Pavel Datsyuk wins face-off versus Jordan Staal in neutral zone.
0:31 of 2nd period - Ben Smith is hit by Devin Setoguchi and loses puck.
1:01 of 2nd period - Marc-Édouard Vlasic is hit by Mike Comrie and loses puck.
1:14 of 2nd period - Mike Comrie is hit by Fabian Brunnstrom.
1:52 of 2nd period - Snap shot by Pavel Datsyuk.
1:52 of 2nd period - Stopped by Marc-André Fleury without a rebound.
1:53 of 2nd period - Pavel Datsyuk wins face-off versus Mark Scheifele in Maple Leafs zone.
2:18 of 2nd period - Slapshot by Taylor Chorney.
2:18 of 2nd period - Shot Blocked by Dennis Wideman.
2:20 of 2nd period - Backhand shot by Taylor Chorney.
2:20 of 2nd period - Stopped by Rick DiPietro with a rebound.
2:22 of 2nd period - Wrist shot by Artemi Panarin.
2:22 of 2nd period - Stopped by Rick DiPietro with a rebound.
2:24 of 2nd period - Wrist shot by Ben Smith.
2:24 of 2nd period - Goal by Ben Smith - Blue Jackets : 1 - Maple Leafs : 2.
2:25 of 2nd period - Jordan Staal wins face-off versus Pavel Datsyuk in neutral zone.
2:30 of 2nd period - Slapshot by Braydon Coburn.
2:30 of 2nd period - Shot Misses the Net.
2:32 of 2nd period - Snap shot by Claude Giroux.
2:32 of 2nd period - Shot Blocked by Max Pacioretty.
2:41 of 2nd period - Minor Penalty to Claude Giroux for Interference.
2:42 of 2nd period - Pavel Datsyuk wins face-off versus Jordan Staal in Maple Leafs zone.
2:47 of 2nd period - Wrist shot by Pavel Datsyuk.
2:47 of 2nd period - Deflect By Martin Havlat.
2:47 of 2nd period - Goal by Martin Havlat - Blue Jackets : 2 - Maple Leafs : 2.
2:48 of 2nd period - Jordan Staal wins face-off versus Pavel Datsyuk in neutral zone.
3:05 of 2nd period - Snap shot by Fabian Brunnstrom.
3:05 of 2nd period - Deflect By Martin Havlat.
3:05 of 2nd period - Shot Misses the Net.
3:05 of 2nd period - Puck is out of play.
3:06 of 2nd period - Peter Mueller wins face-off versus Mark Scheifele in Blue Jackets zone.
3:18 of 2nd period - Minor Penalty to Ben Smith for High sticking.
3:19 of 2nd period - Pavel Datsyuk wins face-off versus Jordan Staal in Maple Leafs zone.
3:23 of 2nd period - Wrist shot by Martin Havlat.
3:23 of 2nd period - Shot Misses the Net.
4:47 of 2nd period - Wrist shot by Mark Scheifele.
4:47 of 2nd period - Stopped by Rick DiPietro without a rebound.
4:48 of 2nd period - Jordan Staal wins face-off versus Pavel Datsyuk in Blue Jackets zone.
5:18 of 2nd period - Penalty to Ben Smith is over, Ben Smith is back on ice.
5:37 of 2nd period - Marc-Édouard Vlasic is hit by Andreas Nodl and loses puck.
5:58 of 2nd period - Snap shot by Kevin Porter.
5:58 of 2nd period - Stopped by Marc-André Fleury without a rebound.
5:58 of 2nd period - Minor Penalty to Marc-André Fleury for Slashing.
5:59 of 2nd period - Jordan Staal wins face-off versus Pavel Datsyuk in Maple Leafs zone.
7:58 of 2nd period - Penalty to John Klingberg is over, John Klingberg is back on ice.
8:36 of 2nd period - Snap shot by Mike York.
8:36 of 2nd period - Stopped by Marc-André Fleury with a rebound.
8:50 of 2nd period - Snap shot by Andreas Nodl.
8:50 of 2nd period - Shot Misses the Net.
9:16 of 2nd period - Off-side.
9:17 of 2nd period - Gilbert Brule wins face-off versus Kevin Porter in neutral zone.
9:26 of 2nd period - Snap shot by Gilbert Brule.
9:26 of 2nd period - Shot Blocked by Tyler Kennedy.
9:47 of 2nd period - Wrist shot by Eric Nystrom.
9:47 of 2nd period - Shot Misses the Net.
10:09 of 2nd period - Snap shot by Gilbert Brule.
10:09 of 2nd period - Shot Misses the Net.
11:09 of 2nd period - Slapshot by Tobias Enstrom.
11:09 of 2nd period - Stopped by Rick DiPietro without a rebound.
11:10 of 2nd period - Pavel Datsyuk wins face-off versus Jordan Staal in Blue Jackets zone.
11:17 of 2nd period - Slapshot by Mike Lundin.
11:17 of 2nd period - Deflect By Martin Havlat.
11:17 of 2nd period - Shot Misses the Net.
11:17 of 2nd period - Puck is out of play.
11:18 of 2nd period - Pavel Datsyuk wins face-off versus Jordan Staal in Maple Leafs zone.
11:25 of 2nd period - Wrist shot by Martin Havlat.
11:25 of 2nd period - Shot Hit the Post.
11:27 of 2nd period - Snap shot by Martin Havlat.
11:27 of 2nd period - Stopped by Marc-André Fleury without a rebound.
11:28 of 2nd period - Jordan Staal wins face-off versus Pavel Datsyuk in Maple Leafs zone.
11:57 of 2nd period - Snap shot by Rostislav Olesz.
11:57 of 2nd period - Goal by Rostislav Olesz - Blue Jackets : 3 - Maple Leafs : 2.
11:58 of 2nd period - Pavel Datsyuk wins face-off versus Jordan Staal in neutral zone.
12:11 of 2nd period - Snap shot by Claude Giroux.
12:11 of 2nd period - Stopped by Rick DiPietro with a rebound.
12:13 of 2nd period - Snap shot by Jordan Staal.
12:13 of 2nd period - Shot Misses the Net.
12:15 of 2nd period - Slapshot by John Klingberg.
12:15 of 2nd period - Shot Misses the Net.
12:25 of 2nd period - John Klingberg is hit by Mike Lundin.
13:26 of 2nd period - Snap shot by Max Pacioretty.
13:26 of 2nd period - Deflect By Martin Havlat.
13:26 of 2nd period - Shot Misses the Net.
13:26 of 2nd period - Puck is out of play.
13:27 of 2nd period - Jordan Staal wins face-off versus Pavel Datsyuk in Maple Leafs zone.
13:44 of 2nd period - Snap shot by Fabian Brunnstrom.
13:44 of 2nd period - Shot Blocked by Dennis Wideman.
13:46 of 2nd period - Snap shot by Jordan Staal.
13:46 of 2nd period - Shot Misses the Net.
13:48 of 2nd period - Snap shot by Jordan Staal.
13:48 of 2nd period - Stopped by Rick DiPietro with a rebound.
13:50 of 2nd period - Slapshot by Braydon Coburn.
13:50 of 2nd period - Stopped by Rick DiPietro without a rebound.
13:51 of 2nd period - Mike Comrie wins face-off versus Mark Scheifele in Blue Jackets zone.
14:02 of 2nd period - Wrist shot by Mike Comrie.
14:02 of 2nd period - Shot Misses the Net.
14:04 of 2nd period - Wrist shot by A.J Thelen.
14:04 of 2nd period - Shot Blocked by Taylor Chorney.
14:17 of 2nd period - Icing by Branislav Mezei.
14:18 of 2nd period - Jordan Staal wins face-off versus Pavel Datsyuk in Blue Jackets zone.
15:49 of 2nd period - Dennis Wideman is hit by John Klingberg and loses puck.
16:34 of 2nd period - Snap shot by Devin Setoguchi.
16:34 of 2nd period - Shot Blocked by Marc-Édouard Vlasic.
16:44 of 2nd period - Slapshot by Gilbert Brule.
16:44 of 2nd period - Shot Misses the Net.
16:46 of 2nd period - Slapshot by Marc-Édouard Vlasic.
16:46 of 2nd period - Stopped by Rick DiPietro with a rebound.
16:58 of 2nd period - Wrist shot by Devin Setoguchi.
16:58 of 2nd period - Stopped by Marc-André Fleury without a rebound.
16:59 of 2nd period - Pavel Datsyuk wins face-off versus Zac Dalpe in Maple Leafs zone.
17:06 of 2nd period - Snap shot by Martin Havlat.
17:06 of 2nd period - Stopped by Marc-André Fleury with a rebound.
17:08 of 2nd period - Snap shot by A.J Thelen.
17:08 of 2nd period - Stopped by Marc-André Fleury with a rebound.
17:10 of 2nd period - Wrist shot by Martin Havlat.
17:10 of 2nd period - Stopped by Marc-André Fleury without a rebound.
17:11 of 2nd period - Jordan Staal wins face-off versus Pavel Datsyuk in Maple Leafs zone.
17:13 of 2nd period - Minor Penalty to Braydon Coburn for Interference.
17:14 of 2nd period - Jordan Staal wins face-off versus Max Pacioretty in Maple Leafs zone.
17:14 of 2nd period - Jordan Staal is hit by Martin Havlat.
18:43 of 2nd period - Rostislav Olesz is hit by Mark Scheifele and loses puck.
19:13 of 2nd period - Penalty to Braydon Coburn is over, Braydon Coburn is back on ice.
19:44 of 2nd period - Wrist shot by Mark Scheifele.
19:44 of 2nd period - Shot Misses the Net.
19:50 of 2nd period - Artemi Panarin is hit by Mike York and loses puck.
Goals for this period are 2 for Blue Jackets vs 1 for Maple Leafs.
Shots for this period are 10 for Blue Jackets vs 9 for Maple Leafs.
3rd period
0:01 of 3rd period - Pavel Datsyuk wins face-off versus Jordan Staal in neutral zone.
0:03 of 3rd period - Off-side.
0:04 of 3rd period - Jordan Staal wins face-off versus Pavel Datsyuk in neutral zone.
0:07 of 3rd period - Slapshot by Jordan Staal.
0:07 of 3rd period - Stopped by Rick DiPietro with a rebound.
0:09 of 3rd period - Wrist shot by Claude Giroux.
0:09 of 3rd period - Deflect By Fabian Brunnstrom.
0:09 of 3rd period - Shot Misses the Net.
0:09 of 3rd period - Puck is out of play.
0:10 of 3rd period - Pavel Datsyuk wins face-off versus Jordan Staal in Blue Jackets zone.
0:49 of 3rd period - Slapshot by Martin Havlat.
0:49 of 3rd period - Stopped by Marc-André Fleury with a rebound.
1:01 of 3rd period - Snap shot by Pavel Datsyuk.
1:01 of 3rd period - Stopped by Marc-André Fleury with a rebound.
1:11 of 3rd period - Snap shot by Max Pacioretty.
1:11 of 3rd period - Goal by Max Pacioretty - Blue Jackets : 4 - Maple Leafs : 2.
1:12 of 3rd period - Mark Scheifele wins face-off versus Mike Comrie in neutral zone.
1:17 of 3rd period - Wrist shot by Artemi Panarin.
1:17 of 3rd period - Shot Misses the Net.
1:19 of 3rd period - Snap shot by Ben Smith.
1:19 of 3rd period - Stopped by Rick DiPietro with a rebound.
1:23 of 3rd period - Snap shot by Mark Scheifele.
1:23 of 3rd period - Stopped by Rick DiPietro without a rebound.
1:24 of 3rd period - Mark Scheifele wins face-off versus Rostislav Olesz in Blue Jackets zone.
1:25 of 3rd period - Snap shot by Artemi Panarin.
1:25 of 3rd period - Stopped by Rick DiPietro without a rebound.
1:26 of 3rd period - Mike Comrie wins face-off versus Mark Scheifele in Blue Jackets zone.
1:42 of 3rd period - Minor Penalty to Ben Smith for Interference.
1:43 of 3rd period - Pavel Datsyuk wins face-off versus Jordan Staal in Maple Leafs zone.
2:00 of 3rd period - Slapshot by Dennis Wideman.
2:00 of 3rd period - Stopped by Marc-André Fleury without a rebound.
2:01 of 3rd period - Jordan Staal wins face-off versus Mike Comrie in Maple Leafs zone.
3:17 of 3rd period - Mike Comrie is hit by Tobias Enstrom and loses puck.
3:42 of 3rd period - Penalty to Ben Smith is over, Ben Smith is back on ice.
3:48 of 3rd period - Snap shot by Jordan Staal.
3:48 of 3rd period - Shot Misses the Net.
4:08 of 3rd period - Wrist shot by Ben Smith.
4:08 of 3rd period - Stopped by Rick DiPietro without a rebound.
4:09 of 3rd period - Zac Dalpe wins face-off versus Kevin Porter in Blue Jackets zone.
4:10 of 3rd period - Snap shot by T.J Galiardi.
4:10 of 3rd period - Shot Misses the Net.
4:20 of 3rd period - Snap shot by Mike York.
4:20 of 3rd period - Shot Misses the Net.
4:22 of 3rd period - Slapshot by Timothy Kunes.
4:22 of 3rd period - Shot Misses the Net.
4:38 of 3rd period - Slapshot by Mark Scheifele.
4:38 of 3rd period - Shot Misses the Net.
4:40 of 3rd period - Wrist shot by Mark Scheifele.
4:40 of 3rd period - Stopped by Rick DiPietro without a rebound.
4:41 of 3rd period - Mike Comrie wins face-off versus Mark Scheifele in Blue Jackets zone.
4:41 of 3rd period - Mike Comrie is hit by Ben Smith.
5:12 of 3rd period - Dennis Wideman is hit by Mark Scheifele and loses puck.
6:05 of 3rd period - Wrist shot by Artemi Panarin.
6:05 of 3rd period - Stopped by Rick DiPietro without a rebound.
6:06 of 3rd period - Pavel Datsyuk wins face-off versus Jordan Staal in Blue Jackets zone.
6:15 of 3rd period - Slapshot by A.J Thelen.
6:15 of 3rd period - Stopped by Marc-André Fleury with a rebound.
6:17 of 3rd period - Slapshot by Branislav Mezei.
6:17 of 3rd period - Shot Misses the Net.
6:19 of 3rd period - Slapshot by Martin Havlat.
6:19 of 3rd period - Deflect By Pavel Datsyuk.
6:19 of 3rd period - Shot Blocked by John Klingberg.
6:19 of 3rd period - Puck is out of play.
6:20 of 3rd period - Fabian Brunnstrom wins face-off versus Pavel Datsyuk in Maple Leafs zone.
6:47 of 3rd period - Rostislav Olesz is hit by Braydon Coburn.
7:47 of 3rd period - Wrist shot by Blake Comeau.
7:47 of 3rd period - Shot Misses the Net.
8:01 of 3rd period - Snap shot by Gilbert Brule.
8:01 of 3rd period - Stopped by Rick DiPietro without a rebound.
8:02 of 3rd period - Fabian Brunnstrom wins face-off versus Mike Comrie in Blue Jackets zone.
8:05 of 3rd period - Snap shot by Claude Giroux.
8:05 of 3rd period - Deflect By Jordan Staal.
8:05 of 3rd period - Stopped by Rick DiPietro with a rebound.
8:07 of 3rd period - Slapshot by Tobias Enstrom.
8:07 of 3rd period - Stopped by Rick DiPietro with a rebound.
8:09 of 3rd period - Wrist shot by Fabian Brunnstrom.
8:09 of 3rd period - Shot Misses the Net.
8:11 of 3rd period - Slapshot by Braydon Coburn.
8:11 of 3rd period - Stopped by Rick DiPietro with a rebound.
8:13 of 3rd period - Snap shot by Claude Giroux.
8:13 of 3rd period - Shot Blocked by Mike Lundin.
8:15 of 3rd period - Snap shot by Braydon Coburn.
8:15 of 3rd period - Stopped by Rick DiPietro without a rebound.
8:16 of 3rd period - Jordan Staal wins face-off versus Mike Comrie in Blue Jackets zone.
9:23 of 3rd period - Rostislav Olesz is hit by Fabian Brunnstrom.
9:41 of 3rd period - Snap shot by Zac Dalpe.
9:41 of 3rd period - Shot Misses the Net.
10:01 of 3rd period - Minor Penalty to Mike Lundin for Tripping.
10:02 of 3rd period - Pavel Datsyuk wins face-off versus Jordan Staal in Blue Jackets zone.
10:59 of 3rd period - Devin Setoguchi is hit by John Klingberg.
12:01 of 3rd period - Penalty to Mike Lundin is over, Mike Lundin is back on ice.
12:45 of 3rd period - Wrist shot by Mike Lundin.
12:45 of 3rd period - Shot Misses the Net.
13:13 of 3rd period - T.J Galiardi is hit by Martin Havlat and loses puck.
13:44 of 3rd period - Icing by Tobias Enstrom.
13:45 of 3rd period - Gilbert Brule wins face-off versus Mike Comrie in Maple Leafs zone.
14:17 of 3rd period - Snap shot by Jordan Staal.
14:17 of 3rd period - Shot Blocked by Dennis Wideman.
14:31 of 3rd period - Wrist shot by Martin Havlat.
14:31 of 3rd period - Stopped by Marc-André Fleury with a rebound.
14:33 of 3rd period - Snap shot by Martin Havlat.
14:33 of 3rd period - Shot Misses the Net.
14:35 of 3rd period - Slapshot by Martin Havlat.
14:35 of 3rd period - Shot Misses the Net.
14:37 of 3rd period - Snap shot by Mike Lundin.
14:37 of 3rd period - Shot Misses the Net.
15:20 of 3rd period - Backhand shot by Braydon Coburn.
15:20 of 3rd period - Deflect By Eric Nystrom.
15:20 of 3rd period - Shot Blocked by Kevin Porter.
15:20 of 3rd period - Puck is out of play.
15:21 of 3rd period - Peter Mueller wins face-off versus Jordan Staal in Blue Jackets zone.
16:38 of 3rd period - Snap shot by Tyler Kennedy.
16:38 of 3rd period - Stopped by Marc-André Fleury with a rebound.
17:02 of 3rd period - Wrist shot by Peter Mueller.
17:02 of 3rd period - Shot Misses the Net.
17:13 of 3rd period - Off-side.
17:14 of 3rd period - Pavel Datsyuk wins face-off versus Gilbert Brule in neutral zone.
18:03 of 3rd period - Tobias Enstrom is hit by Max Pacioretty and loses puck.
18:14 of 3rd period - Snap shot by Eric Nystrom.
18:14 of 3rd period - Shot Blocked by Max Pacioretty.
18:16 of 3rd period - Slapshot by Braydon Coburn.
18:16 of 3rd period - Shot Hit the Post.
18:18 of 3rd period - Wrist shot by Blake Comeau.
18:18 of 3rd period - Shot Blocked by Ryan Wilson.
18:20 of 3rd period - Snap shot by Gilbert Brule.
18:20 of 3rd period - Stopped by Rick DiPietro without a rebound.
18:21 of 3rd period - Peter Mueller wins face-off versus Jordan Staal in Blue Jackets zone.
18:44 of 3rd period - Minor Penalty to Peter Mueller for Hooking.
18:45 of 3rd period - Jordan Staal wins face-off versus Martin Havlat in Blue Jackets zone.
19:12 of 3rd period - Max Pacioretty is hit by Ben Smith and loses puck.
Goals for this period are 1 for Blue Jackets vs 0 for Maple Leafs.
Shots for this period are 7 for Blue Jackets vs 13 for Maple Leafs.
Back to the Top